 Dungeon Crawl Stone Soup version 0.29.1-15-g9cfb28693d (webtiles) character file.

Game seed: 16569684066481977115

12722 LLlMATKO the Fighter (level 11, -14/156 HPs)
             Began as a Minotaur Berserker on May 1, 2023.
             Was an Elder of Trog.
             Demolished by a freezing wraith (16 damage)
             ... led by a death knight
             ... on level 11 of the Dungeon.
             The game lasted 00:10:57 (11017 turns).

LLlMATKO the Fighter (Minotaur Berserker)          Turns: 11017, Time: 00:10:58

Health: -14/156    AC: 19    Str: 29    XL:     11   Next: 66%
Magic:  10/10      EV: 12    Int:  4    God:    Trog [****..]
Gold:   653        SH:  0    Dex: 13    Spells: 10/10 levels left

rFire   . . .      SeeInvis +   J - +0 war axe (freeze)
rCold   . . .      Faith    .   (no shield)
rNeg    . . .      Spirit   .   S - +0 plate armour
rPois   .          Reflect  .   (helmet restricted)
rElec   .          Harm     .   u - +0 cloak
rCorr   .          Rampage  .   K - +0 pair of gloves
Will    .....                   t - +0 pair of boots
Stlth   ..........              B - amulet of regeneration
HPRegen 1.16/turn               p - +6 ring of strength
MPRegen 0.12/turn               P - ring of see invisible

@: berserking (expiring), slowed
A: horns 2, retaliatory headbutt
a: Renounce Religion, Berserk, Trog's Hand, Brothers in Arms


You were on level 11 of the Dungeon.
You worshipped Trog.
Trog was greatly pleased with you.
You visited 1 branch of the dungeon, and saw 12 of its levels.

You collected 653 gold pieces.

Inventory:

Hand Weapons
 i - a +2 vorpal spear
 C - a +0 whip of electrocution
 J - a +0 war axe of freezing (weapon)
Missiles
 a - 29 poisoned darts (quivered)
 O - 2 curare-tipped darts
Armour
 s - a +1 ring mail of cold resistance
 t - a +0 pair of boots (worn)
 u - a +0 cloak (worn)
 K - a +0 pair of gloves (worn)
 S - a +0 plate armour (worn)
Jewellery
 p - a +6 ring of strength (left hand)
 w - a ring of fire
 B - an amulet of regeneration (around neck)
 E - a ring of fire
 P - a ring of see invisible (right hand)
Wands
 M - a wand of quicksilver (12)
 N - a wand of paralysis (23)
 Q - a wand of flame (6)
 R - a wand of polymorph (6)
Scrolls
 d - 2 scrolls of amnesia
 e - 7 scrolls of identify
 f - a scroll of teleportation
 j - 4 scrolls of noise {unknown}
 l - 2 scrolls of immolation {unknown}
 m - 2 scrolls of brand weapon {unknown}
 q - 4 scrolls of fear {unknown}
 x - 2 scrolls of silence {unknown}
 y - 3 scrolls of enchant weapon {unknown}
 A - 3 scrolls of fog {unknown}
 D - 4 scrolls of blinking {unknown}
 F - a scroll of poison {unknown}
Potions
 c - 2 potions of degeneration {unknown}
 h - 3 potions of heal wounds {unknown}
 k - a potion of haste {unknown}
 n - 2 potions of invisibility {unknown}
 o - 2 potions of brilliance
 r - 2 potions of curing {unknown}
 v - 3 potions of mutation {unknown}
 z - 3 potions of ambrosia {unknown}
 G - a potion of might {unknown}
 H - 3 potions of flight {unknown}
 I - 2 potions of resistance {unknown}
 L - a potion of lignification {unknown}


   Skills:
 + Level 11.9 Fighting
 + Level 11.8 Axes
 + Level 11.5 Armour
 + Level 10.6 Dodging


You had 10 spell levels left.
You didn't know any spells.
Your spell library was empty.

Dungeon Overview and Level Annotations

Branches:
Dungeon (12/15)            Temple (0/1) D:5            Lair (0/5) D:8
    Orc (0/2) D:10

Altars:
Ashenzari
Dithmenos
Hepliaklqana
Okawaru
Qazlal
Trog


Innate Abilities, Weirdness & Mutations

You have a pair of horns on your head.
You reflexively headbutt those who attack you in melee.


Message History

You hit the freezing wraith.
The freezing wraith hits you but does no damage. x2
The freezing wraith misses you.
The freezing wraith hits you but does no damage.
You slash the freezing wraith! You headbutt the freezing wraith!
The freezing wraith is almost destroyed.
You hit the freezing wraith but do no damage.
The freezing wraith closely misses you. The freezing wraith hits you.
* * * LOW HITPOINT WARNING * * *
The freezing wraith drains your vigour!
You feel as though you will be slow longer.
The freezing wraith closely misses you. You furiously retaliate!
You headbutt the freezing wraith! The freezing wraith barely misses you.
You hit the freezing wraith but do no damage.
Your headbutt misses the freezing wraith.
The freezing wraith is almost destroyed.
You closely miss the freezing wraith. The freezing wraith misses you.
You furiously retaliate!
You headbutt the freezing wraith, but do no damage.
The freezing wraith barely misses you.
The freezing wraith hits you but does no damage.
The freezing wraith hits you!
* * * LOW HITPOINT WARNING * * *
You slash the freezing wraith!
You feel the power of Trog in you as your rage grows.
You destroy the freezing wraith!
Trog accepts your kill.
You closely miss the freezing wraith.
The freezing wraith hits you but does no damage.
The freezing wraith barely misses you.
You slash the wraith!
The wraith is moderately damaged.
You slice the freezing wraith!! You closely miss the wraith.
You headbutt the wraith!
The wraith is severely damaged.
You hit the freezing wraith but do no damage.
The freezing wraith hits you.
* * * LOW HITPOINT WARNING * * *
The freezing wraith freezes you!
You die...

.# #.# #.# .# #.#
#.# .########.##
#.# ...........#
#.# .########.##
#.# .# ### #.# .#
#.# ## #W# ######
#@# .....# #W#
####.###########.#
#.............#
###############


You could see a freezing wraith and a wraith.

Vanquished Creatures
  A boulder beetle (D:11)
  A hydra (D:10)
  Erolcha (D:11)
  2 two-headed ogres (D:10)
  A wizard (D:10)
  2 unseen horrors
  A komodo dragon (D:10)
  A freezing wraith (D:11)
  A kobold demonologist (D:10)
  2 trolls (D:9)
  A hornet (D:8)
  A vampire (D:9)
  2 wraiths
  6 yaks (D:10)
  Grum (D:11)
  3 steam dragons
  5 vampire mosquitoes
  A water moccasin (D:8)
  An acid dragon (D:9)
  2 black bears
  2 ice beasts
  5 orc warriors
  3 wolves (D:11)
  An ogre (D:3)
  A centaur (D:12)
  2 phantoms
  5 kobold brigands
  3 bullfrogs
  6 scorpions
  10 wights
  20 killer bees
  4 howler monkeys
  4 hounds (D:5)
  7 orc priests
  5 jellies
  Ijyb (D:5)
  2 iguanas (D:6)
  5 orc wizards
  8 adders
  4 gnolls (D:4)
  A shadow imp (D:6)
  A white imp (D:7)
  A worm (D:2)
  5 dart slugs
  24 orcs
  4 bats
  12 endoplasms
  4 giant cockroaches
  6 goblins
  4 hobgoblins
  9 jackals (D:1)
  22 kobolds
  5 quokkas
  11 ball pythons
  7 frilled lizards
  7 rats
257 creatures vanquished.

Vanquished Creatures (others)
  A wizard (D:7)
  A shadow (D:12)
  13 plants
15 creatures vanquished.

Grand Total: 272 creatures vanquished

Notes
Turn   | Place    | Note
-------+----------+-------------------------------------------
     0 | D:1      | LLlMATKO the Minotaur Berserker began the quest for the
                  | Orb.
     0 | D:1      | Reached XP level 1. HP: 19/19 MP: 0/0
   173 | D:1      | Reached XP level 2. HP: 27/27 MP: 1/1
   668 | D:1      | Reached XP level 3. HP: 33/33 MP: 2/2
   692 | D:1      | Found a faded altar of an unknown god.
  1445 | D:2      | Reached ** piety under Trog
  1597 | D:2      | Reached XP level 4. HP: 40/40 MP: 3/3
  1651 | D:2      | You fall into a shaft and drop 2 floors!
  1782 | D:3      | Noticed an ogre
  1789 | D:3      | Killed an ogre
  1790 | D:3      | Reached XP level 5. HP: 40/47 MP: 4/4
  2935 | D:4      | Noticed a black bear
  2940 | D:4      | Killed a black bear
  2941 | D:4      | Reached skill level 5 in Fighting
  2941 | D:4      | Reached skill level 5 in Axes
  2941 | D:4      | Reached XP level 6. HP: 56/56 MP: 5/5
  3216 | D:4      | Reached *** piety under Trog
  3369 | D:4      | Reached skill level 5 in Armour
  3476 | D:4      | Found a shadowy altar of Dithmenos.
  3638 | D:5      | Entered Level 5 of the Dungeon
  3653 | D:5      | Reached XP level 7. HP: 62/62 MP: 6/6
  3800 | D:5      | Reached skill level 5 in Dodging
  4022 | D:5      | Found a staircase to the Ecumenical Temple.
  4215 | D:5      | Noticed Ijyb
  4227 | D:5      | Killed Ijyb
  4332 | D:5      | Identified the +10 quarterstaff of Sunlight {vorpal, *Rage
                  | Str+4 Dex+5}
  4873 | D:6      | Reached XP level 8. HP: 71/71 MP: 7/7
  4906 | D:6      | Found a broken altar of Ashenzari.
  5775 | D:7      | Reached XP level 9. HP: 62/81 MP: 8/8
  5781 | D:7      | Found a bloodstained altar of Trog.
  5915 | D:7      | Found an iron altar of Okawaru.
  6138 | D:7      | Noticed a wizard
  6144 | D:7      | Killed a wizard
  6366 | D:8      | Paralysed by a hornet for 3 turns
  6942 | D:8      | Found a staircase to the Lair.
  7737 | D:9      | Reached **** piety under Trog
  7740 | D:9      | Found a stormy altar of Qazlal.
  8073 | D:9      | Noticed a troll
  8080 | D:9      | Killed a troll
  8228 | D:9      | Reached XP level 10. HP: 33/91 MP: 9/9
  8660 | D:10     | Entered Level 10 of the Dungeon
  8667 | D:10     | Noticed a two-headed ogre
  8674 | D:10     | Killed a two-headed ogre
  8675 | D:10     | Reached skill level 10 in Fighting
  8675 | D:10     | Reached skill level 10 in Axes
  8878 | D:10     | Noticed a wizard
  8881 | D:10     | Noticed a four-headed hydra
  8885 | D:10     | Killed a wizard
  8890 | D:10     | Killed a four-headed hydra
  8891 | D:10     | Reached skill level 10 in Armour
  8957 | D:10     | Found a staircase to the Orcish Mines.
  9298 | D:10     | Reached XP level 11. HP: 101/101 MP: 10/10
  9680 | D:10     | Noticed a two-headed ogre
  9690 | D:10     | Killed a two-headed ogre
  9691 | D:10     | Reached skill level 10 in Dodging
  9957 | D:11     | Noticed Erolcha
  9969 | D:11     | Killed Erolcha
 10195 | D:11     | Noticed a boulder beetle
 10223 | D:11     | Killed a boulder beetle
 10684 | D:11     | Found a hazy altar of Hepliaklqana.
 10729 | D:11     | Noticed Grum
 10749 | D:11     | Killed Grum
 10879 | D:12     | Noticed a centaur warrior
 10987 | D:12     | Noticed a death knight
 11014 | D:11     | HP: 2/156 [freezing wraith[a death knight] (7)]
 11017 | D:11     | Demolished by a freezing wraith

Illustrated notes

Levels and vault maps discovered:
D:1:      spicycebolla_arrival_xxxplode, layout_loops_ring,
          ebering_ecumenical_altar_box, minmay_heptomino_d4
D:2:      layout_basic, chequers_serial_rivers_marsh, grunt_decor_fettered
D:3:      layout_rooms, serial_bayou_crossing
D:4:      layout_loops_cross, grunt_dithmenos_smoke, grunt_ministairs_2,
          kennysheep_nub, nicolae_grassy_gnolls
D:5:      layout_gridville, minmay_temple_entry_gardened_gates, uniq_ijyb
D:6:      layout_cave_pools, nicolae_ashenzari_skybound
D:7:      layout_loops_ring, trog_wizard, okawaru_metal_pillars_1_2
D:8:      layout_basic, lair_entry_dummy, patterned_corridor
D:9:      layout_roguey, nicolae_qazlal_general_emergency, eino_jars
D:10:     minmay_curly_fans, layout_stronghold, orc_0_dummy
D:11:     layout_loops_ring, serial_glass, glass_columns_b, glass_columns_a,
          worldfamousw_hep_ancestral_shrine, uniq_erolcha, uniq_grum
D:12:     layout_basic, gauntlet_entry_generic, uniq_sonja

Skill      XL: |  1  2  3  4  5  6  7  8  9 10 11 |
---------------+----------------------------------+-----
Fighting       | 4 5 6 8 9 10 11 | 11.9
Axes           | 4 5 6 8 9 10 11 | 11.8
Armour         | 3 4 5 6 7 9 10 11 | 11.5
Dodging        | 3 4 5 6 8 9 10 | 10.6

Action                   |  1- 3 |  4- 6 |  7- 9 | 10-12 || total
-------------------------+-------+-------+-------+-------++-------
Melee: Hand axe          |    99 |    22 |       |       ||   121
       Headbutt          |    11 |    15 |    38 |    54 ||   118
       Punch             |     1 |       |     3 |     3 ||     7
       War axe           |       |    71 |   166 |    52 ||   289
       Club              |       |       |    12 |       ||    12
       Whip              |       |       |    45 |       ||    45
       Spear             |       |       |       |   206 ||   206
Throw: Dart              |       |     1 |     2 |     1 ||     4
Invok: Berserk           |     2 |     3 |     6 |     9 ||    20
  Use: Scroll            |       |       |       |     5 ||     5
 Stab: Sleeping          |     1 |       |       |       ||     1
Armor: Animal skin       |    19 |     3 |       |       ||    22
       Ring mail         |       |    29 |   106 |    48 ||   183
       Plate armour      |       |       |       |    53 ||    53
Dodge: Dodged            |    85 |    65 |   128 |   175 ||   453
